 Dungeon Crawl Stone Soup version 0.28.0-53-g5a82cb258f (webtiles) character file.

Game seed: 7544012471177747580

160 Stomo the Cutter (level 5, -2/41 HPs)
             Began as a Demonspawn Gladiator on July 4, 2022.
             Slain by Grinder (5 damage)
             ... while paralysed by Grinder
             ... on level 3 of the Dungeon.
             The game lasted 00:04:25 (3618 turns).

Stomo the Cutter (Demonspawn Gladiator)             Turns: 3618, Time: 00:04:26

Health: -2/41      AC:  9    Str: 16    XL:     5   Next: 17%
Magic:  5/5        EV:  2    Int: 15    God:
Gold:   112        SH:  0    Dex: 15    Spells: 4/4 levels left

rFire   . . .      SeeInvis .   a - +0 rapier
rCold   . . .      Faith    .   (no shield)
rNeg    . . .      Spirit   .   k - +0 ring mail
rPois   .          Reflect  .   c - +2 helmet
rElec   .          Harm     .   (no cloak)
rCorr   .          Rampage  .   (no gloves)
Will    .....                   (no boots)
Stlth   +.........              (no amulet)
HPRegen 0.13/turn               e - +6 ring of intelligence
MPRegen 0.09/turn               (no ring)

@: paralysed
A: ignite blood 1, powered by pain 1, sharp scales 1
a: no special abilities


You were on level 3 of the Dungeon.
You visited 1 branch of the dungeon, and saw 3 of its levels.

You collected 112 gold pieces.

Inventory:

Hand Weapons
 a - a +0 rapier (weapon)
Armour
 b - a +0 leather armour
 c - a +2 helmet (worn)
 k - a +0 ring mail (worn)
Jewellery
 e - a +6 ring of intelligence (left hand)
 h - an amulet of regeneration
Potions
 f - a potion of curing
 g - a potion of invisibility {unknown}
 i - a potion of mutation {unknown}
 j - a potion of ambrosia {unknown}


   Skills:
 + Level 3.2 Fighting
 + Level 3.5 Short Blades
 - Level 1.7 Throwing
 + Level 2.0 Armour
 + Level 3.5 Dodging


You had 4 spell levels left.
You didn't know any spells.
Your spell library contained the following spells:

 Spells                   Type           Power      Damage    Failure   Level
 Portal Projectile        Hex/Tloc       0%         N/A       83%         3
 Blade Hands              Tmut           0%         N/A       100%        5
 Excruciating Wounds      Necr           0%         N/A       100%        5


Dungeon Overview and Level Annotations

Branches:
Dungeon (3/15)

Altars:

Shops:
D:1 (

Annotations:
D:3 Grinder


Innate Abilities, Weirdness & Mutations

Your demonic aura sometimes causes spilled blood to erupt in flames.
You sometimes gain a little power by taking damage.
You are partially covered in razor-sharp scales. (AC +1, Slay +1)


Message History

Aim: Grinder (lightly wounded, 57% to hit)
You throw a throwing net.
The throwing net closely misses Grinder.
Grinder gestures at you. Pain shoots through your body!
You see here 2 throwing nets.
d - 2 throwing nets Grinder blinks!
Throw: 2 throwing nets
Press: ? - help, Q - select action Shift-Dir - straight line, f/p - Grinder
Aim: Grinder (lightly wounded, 57% to hit)
You throw a throwing net.
The throwing net closely misses Grinder.
Grinder gestures at you. Pain shoots through your body!
Throw: throwing net
Press: ? - help, Q - select action Shift-Dir - straight line, f/p - Grinder
Aim: Grinder (lightly wounded, 57% to hit)
You throw a throwing net. The throwing net hits Grinder.
Grinder is caught in the net!
Grinder is lightly wounded.
Grinder gestures at you. Pain shoots through your body!
* * * LOW HITPOINT WARNING * * *
Grinder struggles against the net.
Grinder struggles against the net.
Grinder grins, showing sharp teeth.
Grinder struggles against the net.
Grinder blinks!
Grinder gestures at you. Pain shoots through your body!
* * * LOW HITPOINT WARNING * * *
Grinder gestures at you.
You suddenly lose the ability to move!
Grinder gestures at you.
You shrug off the repeated paralysis!
Grinder hits you.
* * * LOW HITPOINT WARNING * * *
You writhe in agony.
You die...

....# #...# #.# ##..# ....#
#.### #.# #...# ....###.#
######.#### #..## ##......#
#......(..# #..# ....#####
#.......(.###..# .....#
#.........#....# #.##.#
#.........#.##.# #..#..#
#.........#.##.# ##.....####
##(.@5.......##.#
#####.....###...........###.#
.# #.##.##...........####.#
.# #.##.##.#......>..# #..# #
5# #..#....#########.#
#.###### .# #.#....# #..# #.#
#... .# ###...##.### #.##
#.###.## .#
##....###...######.# #.#...#
.###..##(#
###....##..####.#.###


You could see Grinder.

Vanquished Creatures
  A scorpion (D:3)
  An orc wizard (D:3)
  3 adders
  A worm (D:3)
  3 orcs
  5 endoplasms
  5 giant cockroaches
  3 goblins
  6 hobgoblins
  3 kobolds
  6 ball pythons
  5 bats
  3 frilled lizards
  5 rats
50 creatures vanquished.

Vanquished Creatures (others)
  4 fungi (D:2)
  7 plants (D:2)
11 creatures vanquished.

Grand Total: 61 creatures vanquished

Notes
Turn   | Place    | Note
-------+----------+-------------------------------------------
     0 | D:1      | Stomo the Demonspawn Gladiator began the quest for the Orb.
     0 | D:1      | Reached XP level 1. HP: 16/16 MP: 1/1
   453 | D:1      | Gained mutation: You are partially covered in razor-sharp
                  | scales. (AC +1, Slay +1) [demonic ancestry]
   453 | D:1      | Reached XP level 2. HP: 22/22 MP: 2/2
   484 | D:1      | Found Apiczyh's Weapon Shop.
  1031 | D:2      | Reached skill level 1 in Armour
  1520 | D:2      | Gained mutation: Your demonic aura sometimes causes spilled
                  | blood to erupt in flames. [demonic ancestry]
  1520 | D:2      | Reached XP level 3. HP: 22/28 MP: 3/3
  1866 | D:2      | Found a faded altar of an unknown god.
  2022 | D:3      | Noticed a scorpion
  2331 | D:3      | Noticed Grinder
  2396 | D:3      | Gained mutation: You sometimes gain a little power by
                  | taking damage. [demonic ancestry]
  2396 | D:3      | Reached XP level 4. HP: 34/34 MP: 4/4
  2631 | D:3      | Killed a scorpion
  2958 | D:3      | Reached XP level 5. HP: 28/41 MP: 5/5
  2975 | D:3      | Paralysed by Grinder for 7 turns
  3244 | D:3      | Paralysed by Grinder for 4 turns
  3542 | D:3      | Paralysed by Grinder for 5 turns
  3584 | D:3      | Paralysed by Grinder for 2 turns
  3614 | D:3      | Paralysed by Grinder for 5 turns
  3618 | D:3      | Slain by Grinder

Illustrated notes

Levels and vault maps discovered:
D:1:      nzn_arrival_depleted_hourglass, layout_rooms, serial_shops, shop
D:2:      layout_basic, dreamdust_ecumenical_altar_hidden_monk_grotto
D:3:      layout_rooms, uniq_grinder

Skill      XL: |  1  2  3  4 |
---------------+-------------+-----
Short Blades   | 3 |  3.5
Armour         | 1 2 |  2.0
Dodging        | 3 |  3.5
Fighting       | 3 |  3.2
Throwing       | |  1.7

Action                   |  1- 3 |  4- 6 || total
-------------------------+-------+-------++-------
Melee: Rapier            |   110 |    43 ||   153
       Punch             |     1 |     1 ||     2
Throw: Throwing net      |       |     6 ||     6
  Use: Scroll            |     3 |     3 ||     6
       Potion            |       |     2 ||     2
 Stab: Sleeping          |     1 |       ||     1
       Distracted        |     1 |       ||     1
Armor: Leather armour    |    32 |       ||    32
       Ring mail         |       |     5 ||     5
Dodge: Dodged            |    78 |    19 ||    97
